[Event "Titled Tuesday Blitz April 18 Early 2023"]
[White "Ciorgovean, Iustin"]
[Black "Krasteva, Beloslava"]
[WhiteFideId "1242911"]
[BlackFideId "2922029"]
[WhiteElo "2186"]
[BlackElo "2187"]
[Result "1-0"]
[Round "02"]
[TimeControl "180+2"]
[Date "2023.04.18"]
[WhiteClock "0:00:34"]
[BlackClock "0:00:05"]

1. e4 d5 2. exd5 Qxd5 3. Nc3 Qd8 4. d4 Nf6 5. Nf3 Bg4 6. h3 Bh5 7. g4 Bg6 8. Ne5 c6 9. Bg2 e6 10. h4 Bb4 11. Kf1 Bxc3 12. bxc3 Be4 13. f3 Bd5 14. c4 c5 15. cxd5 Qxd5 16. Be3 O-O 17. f4 Ne4 18. Qd3 f5 19. c4 Qd8 20. Bxe4 fxe4 21. Qxe4 cxd4 22. Bxd4 Nc6 23. Nxc6 bxc6 24. Re1 Qd6 25. Qxe6+ Qxe6 26. Rxe6 Rxf4+ 27. Bf2 Raf8 28. Rh2 Rxc4 29. Rg2 Rc1+ 30. Re1 Rc2 31. Kg1 Rxa2 32. Bc5 1-0


[Site "https://www.chess.com"]

[Event "Titled Tuesday Blitz April 18 Early 2023"]
[White "Ruge, Edison"]
[Black "Principe, Gerson"]
[WhiteFideId "4401000"]
[BlackFideId "3804550"]
[WhiteElo "2175"]
[BlackElo "2229"]
[Result "0-1"]
[Round "02"]
[TimeControl "180+2"]
[Date "2023.04.18"]
[WhiteClock "0:00:11"]
[BlackClock "0:00:30"]

1. e4 b6 2. Nf3 Bb7 3. d3 e6 4. Nbd2 d5 5. g3 Nf6 6. Qe2 Be7 7. e5 Nfd7 8. d4 c5 9. c3 Nc6 10. Bg2 Qc8 11. a3 Ba6 12. Qd1 cxd4 13. cxd4 f6 14. exf6 Bxf6 15. Nb3 O-O 16. Be3 Qe8 17. Bf1 Bxf1 18. Kxf1 Qf7 19. Kg2 e5 20. dxe5 Ndxe5 21. Nxe5 Nxe5 22. Rc1 Nc4 23. Rc2 Bxb2 24. Bf4 Rad8 25. a4 Bf6 26. Re1 Rfe8 27. Rce2 Rxe2 28. Rxe2 d4 29. Qd3 Qd5+ 30. Kg1 a6 31. Nd2 Nxd2 32. Rxd2 b5 33. axb5 axb5 34. Rb2 Qc4 35. Qd1 d3 36. Rd2 Bc3 37. Re2 Bf6 38. Re3 b4 39. h4 b3 40. Bg5 Bxg5 41. hxg5 d2 42. Qh5 d1=Q+ 0-1


[Site "https://www.chess.com"]

[Event "Titled Tuesday Blitz April 18 Early 2023"]
[White "Putri, Regita Desyari"]
[Black "Rom, Jasper"]
[WhiteFideId "7109083"]
[BlackFideId "2023733"]
[WhiteElo "1930"]
[BlackElo "2233"]
[Result "0-1"]
[Round "02"]
[TimeControl "180+2"]
[Date "2023.04.18"]
[WhiteClock "0:02:04"]
[BlackClock "0:02:32"]

1. d4 d5 2. c4 e6 3. Nf3 c6 4. cxd5 exd5 5. Nc3 Bf5 6. Bg5 Nf6 7. e3 Nbd7 8. Bd3 Bg4 9. Ne5 Bxd1 10. Rxd1 Be7 11. f4 Nxe5 0-1


[Site "https://www.chess.com"]

[Event "Titled Tuesday Blitz April 18 Early 2023"]
[White "Coenen, Michael"]
[Black "Larina, Maria"]
[WhiteFideId "4697367"]
[BlackFideId "24113182"]
[WhiteElo "2328"]
[BlackElo "1848"]
[Result "1-0"]
[Round "02"]
[TimeControl "180+2"]
[Date "2023.04.18"]
[WhiteClock "0:02:25"]
[BlackClock "0:00:03"]

1. e4 c6 2. d4 d5 3. exd5 cxd5 4. Bd3 Nc6 5. c3 e5 6. dxe5 Nxe5 7. Nf3 Nxd3+ 8. Qxd3 Nf6 9. O-O Be7 10. Bf4 O-O 11. h3 h6 12. Nbd2 a6 13. Rad1 Qa5 14. a3 b5 15. Nb3 Qa4 16. Nbd4 Bb7 17. Be5 Ne4 18. Nf5 Bf6 19. Bxf6 Nxf6 20. N3d4 Ne4 21. Qf3 Rad8 22. Qg4 g6 23. f3 Nf6 24. Qh4 gxf5 25. Qxf6 Qc4 26. Nxf5 1-0


[Site "https://www.chess.com"]

[Event "Titled Tuesday Blitz April 18 Early 2023"]
[White "Saya, Ethan"]
[Black "Broca Jimenez, Fernando"]
[WhiteFideId "26095181"]
[BlackFideId "5104742"]
[WhiteElo "2189"]
[BlackElo "2062"]
[Result "0-1"]
[Round "02"]
[TimeControl "180+2"]
[Date "2023.04.18"]
[WhiteClock "0:00:02"]
[BlackClock "0:00:27"]

1. e4 c5 2. Nf3 g6 3. d4 cxd4 4. Qxd4 Nf6 5. e5 Nc6 6. Qg4 Nxg4 7. Bf4 Bg7 8. Nc3 Ngxe5 9. Nd2 d6 10. O-O-O Be6 11. h4 h5 12. Nde4 Nc4 13. Ng5 Qb6 14. b3 Bxc3 15. Nxe6 fxe6 16. Bxc4 d5 17. Bd3 Rf8 18. Bxg6+ Kd7 19. Bg5 Qb4 20. Kb1 a5 21. Bxh5 a4 22. Rh3 axb3 23. cxb3 Rxa2 24. Rxd5+ exd5 25. Bg4+ e6 26. Bxe6+ Kxe6 27. Re3+ Ne5 28. f4 Qxb3+ 29. Kc1 Qc2# 0-1


[Site "https://www.chess.com"]

[Event "Titled Tuesday Blitz April 18 Early 2023"]
[White "Antonova, Nadezhda"]
[Black "Kielinkei"]
[WhiteFideId "14700182"]
[WhiteElo "1765"]
[BlackElo "2469"]
[Result "0-1"]
[Round "02"]
[TimeControl "180+2"]
[Date "2023.04.18"]
[WhiteClock "0:00:07"]
[BlackClock "0:00:13"]

1. Nf3 Nf6 2. b3 g6 3. Bb2 Bg7 4. g3 b5 5. Bg2 Bb7 6. O-O O-O 7. d4 d6 8. c4 bxc4 9. bxc4 Nbd7 10. Nc3 Ne4 11. Qc2 Nxc3 12. Bxc3 Nf6 13. d5 c6 14. e4 cxd5 15. cxd5 Rc8 16. Qd3 Ba6 17. Qxa6 Rxc3 18. Nd4 Nxd5 19. Nc6 Rxc6 20. Qxc6 Bxa1 21. Rxa1 Nf6 22. Qb7 Qd7 23. Qa6 Rb8 24. Rc1 Rb6 25. Rc8+ Kg7 26. Qc4 Rb1+ 27. Bf1 Qh3 28. f3 h5 29. Rc7 h4 30. Rxe7 d5 31. Qe2 hxg3 32. hxg3 Qxg3+ 33. Qg2 Qd6 34. Rxa7 dxe4 35. fxe4 Qc5+ 36. Qf2 Qg5+ 37. Kh1 Qh5+ 38. Kg1 Qg4+ 39. Qg2 Qd1 40. e5 Qd4+ 41. Qf2 Qxe5 42. Ra4 Qg5+ 43. Kh2 Ng4+ 0-1


[Site "https://www.chess.com"]

[Event "Titled Tuesday Blitz April 18 Early 2023"]
[White "Chernov, Mikhail"]
[Black "Floresvillar Gonzalez, Luis Migu"]
[WhiteFideId "24143170"]
[BlackFideId "5100542"]
[WhiteElo "2113"]
[BlackElo "2040"]
[Result "1-0"]
[Round "02"]
[TimeControl "180+2"]
[Date "2023.04.18"]
[WhiteClock "0:01:54"]
[BlackClock "0:01:02"]

1. d4 d5 2. Nc3 Nf6 3. Bf4 c6 4. e3 Bf5 5. Nf3 e6 6. Ne5 Nbd7 7. g4 Be4 8. f3 Bg6 9. h4 h6 10. Nxg6 fxg6 11. Bd3 Kf7 12. h5 gxh5 13. gxh5 Bb4 14. Bg6+ Kg8 15. Qd3 Nf8 16. O-O-O Nxg6 17. Qxg6 Bxc3 18. bxc3 Qe8 19. Qg2 Nxh5 20. Be5 Rh7 21. Rdg1 g5 22. f4 Ng7 23. fxg5 hxg5 24. Rxh7 Kxh7 25. Qxg5 Qf7 26. Bxg7 Qf5 27. Qh6+ Kg8 28. Bf6+ 1-0


[Site "https://www.chess.com"]

[Event "Titled Tuesday Blitz April 18 Early 2023"]
[White "Kuchava, Ana"]
[Black "Jumanov, Elbek"]
[WhiteFideId "13605348"]
[BlackFideId "14202905"]
[WhiteElo "2001"]
[BlackElo "2055"]
[Result "0-1"]
[Round "02"]
[TimeControl "180+2"]
[Date "2023.04.18"]
[WhiteClock "0:00:04"]
[BlackClock "0:00:36"]

1. d4 Nf6 2. Nf3 g6 3. c4 c5 4. d5 b5 5. cxb5 a6 6. b6 d6 7. Nc3 Bg7 8. e4 O-O 9. h3 Nbd7 10. Bd3 a5 11. O-O Nxb6 12. Qe2 Nfd7 13. Bf4 Qc7 14. Nb5 Qb8 15. a4 Ba6 16. Rab1 Nxa4 17. b3 Bxb5 18. bxa4 Bxd3 19. Qxd3 Qc7 20. Rfc1 Rfb8 21. Bd2 Ne5 22. Nxe5 Bxe5 23. Rb5 Rxb5 24. Qxb5 Rb8 25. Qxa5 Qxa5 26. Bxa5 Ra8 27. Bc3 Bxc3 28. Rxc3 Rxa4 29. f3 Kg7 30. Kf2 Kf6 31. Ke3 g5 32. g3 Ra2 33. f4 h6 34. Kf3 Kg6 35. h4 Rh2 36. hxg5 hxg5 37. Rb3 gxf4 38. Kxf4 Kf6 39. Rb7 Rf2+ 40. Ke3 Rc2 41. Rc7 Rc3+ 42. Kf4 Rc1 43. g4 Rf1+ 44. Ke3 e6 45. dxe6 fxe6 46. Rc6 Ke5 47. g5 Rg1 0-1


[Site "https://www.chess.com"]

[Event "Titled Tuesday Blitz April 18 Early 2023"]
[White "Kubatko, Ivan"]
[Black "Aanna12"]
[WhiteFideId "24111473"]
[WhiteElo "2285"]
[BlackElo "2197"]
[Result "1-0"]
[Round "02"]
[TimeControl "180+2"]
[Date "2023.04.18"]
[WhiteClock "0:00:03"]
[BlackClock "0:00:01"]

1. e4 c5 2. c3 Nf6 3. e5 Nd5 4. g3 d6 5. exd6 Qxd6 6. Bg2 Nc6 7. Nf3 e6 8. d4 Be7 9. O-O O-O 10. Na3 cxd4 11. Nb5 Qd8 12. Nfxd4 Nxd4 13. Nxd4 e5 14. Nb5 Be6 15. c4 Nb4 16. b3 a6 17. Qxd8 Raxd8 18. Nc7 Bc8 19. Ba3 Rd7 20. Bxb4 Rxc7 21. Ba5 Rd7 22. Rad1 b5 23. cxb5 axb5 24. Bc6 Rxd1 25. Rxd1 b4 26. Bb6 Bf5 27. Bd5 Rc8 28. Bc4 h6 29. f3 Ra8 30. Rd2 Bb1 31. Rd7 Kf8 32. Rd5 Rxa2 33. Rxe5 Rd2 34. Bc5 Bxc5+ 35. Rxc5 Rd1+ 36. Kg2 Rd2+ 37. Kg1 Rd1+ 38. Kg2 Rd2+ 39. Kh3 g6 40. Rc7 Bf5+ 41. g4 Be6 42. Bxe6 fxe6 43. Rb7 Rd3 44. Rxb4 Rxf3+ 45. Kg2 Rd3 46. Rb7 e5 47. Kf2 Rc3 48. b4 Rb3 49. b5 e4 50. h4 g5 51. h5 1-0


[Site "https://www.chess.com"]

[Event "Titled Tuesday Blitz April 18 Early 2023"]
[White "Ciuffoletti, Paolo"]
[Black "b_6"]
[WhiteFideId "807630"]
[WhiteElo "2143"]
[BlackElo "2456"]
[Result "0-1"]
[Round "02"]
[TimeControl "180+2"]
[Date "2023.04.18"]
[WhiteClock "0:00:03"]
[BlackClock "0:00:14"]

1. e4 e6 2. d4 d5 3. e5 c5 4. c3 Nc6 5. Nf3 Bd7 6. Be2 Nge7 7. O-O Ng6 8. g3 cxd4 9. cxd4 f6 10. Bd3 fxe5 11. Bxg6+ hxg6 12. Nxe5 Nxe5 13. dxe5 Qc7 14. Bf4 O-O-O 15. Nc3 Kb8 16. Rc1 Qa5 17. Qg4 d4 18. Ne4 Qd5 19. Nd6 Bc6 20. Rxc6 bxc6 21. Nf7 Bc5 22. Nxh8 Rxh8 23. Qxg6 d3 24. Qxg7 Rd8 25. Rd1 Qf3 26. Rd2 Bb4 27. Qf6 Rd5 28. Qxe6 Bxd2 29. Bxd2 Qd1+ 30. Kg2 Qxd2 31. Qe8+ Kb7 32. e6 Qe2 33. e7 Qe4+ 34. f3 Qe2+ 35. Kh3 Qe6+ 36. g4 Re5 0-1


[Site "https://www.chess.com"]

[Event "Titled Tuesday Blitz April 18 Early 2023"]
[White "Thiel, Thomas"]
[Black "Estrada Nieto, Julian"]
[WhiteFideId "4615964"]
[BlackFideId "5101018"]
[WhiteElo "2176"]
[BlackElo "2161"]
[Result "0-1"]
[Round "02"]
[TimeControl "180+2"]
[Date "2023.04.18"]
[WhiteClock "0:00:04"]
[BlackClock "0:00:07"]

1. e4 e5 2. Nf3 Nc6 3. d4 exd4 4. Nxd4 Nf6 5. Nxc6 bxc6 6. e5 Qe7 7. Qe2 Nd5 8. h4 Qe6 9. g3 Bc5 10. Bh3 Qe7 11. O-O O-O 12. c4 Nb6 13. b3 d6 14. Bxc8 Raxc8 15. Bb2 Rfe8 16. Re1 Nd7 17. Nd2 Nxe5 18. Bxe5 Qxe5 19. Qxe5 Rxe5 20. Rxe5 dxe5 21. Nf3 e4 22. Ne5 e3 23. fxe3 Re8 24. Nxc6 Rxe3 25. Kg2 h5 26. b4 Bd6 27. c5 Bxg3 28. Nxa7 Be5 29. Rd1 Ra3 30. Nc6 Rxa2+ 31. Kf3 Bf6 32. Rd7 Bxh4 33. Rxc7 Rb2 34. Rc8+ Kh7 35. Rc7 f6 36. Rb7 Bf2 37. Nd8 Kg6 38. Ne6 h4 39. Rxg7+ Kf5 40. Nf4 Bg3 0-1


[Site "https://www.chess.com"]

[Event "Titled Tuesday Blitz April 18 Early 2023"]
[White "HamedWafa4"]
[Black "Sailer, Mike"]
[BlackFideId "2012901"]
[WhiteElo "2451"]
[BlackElo "2109"]
[Result "1-0"]
[Round "02"]
[TimeControl "180+2"]
[Date "2023.04.18"]
[WhiteClock "0:02:00"]
[BlackClock "0:02:16"]

1. e4 d5 2. exd5 Qxd5 3. Nc3 Qd6 4. d4 Nf6 5. Nf3 c6 6. Ne5 Nbd7 7. Nc4 Qc7 8. Qf3 Nb6 9. Bf4 Qd8 10. O-O-O Bg4 11. Qd3 Bxd1 12. Qxd1 Nxc4 13. Bxc4 Nd5 14. Nxd5 e5 15. Re1 cxd5 16. Bb5+ Ke7 17. Rxe5+ Kf6 18. Bg5+ 1-0


[Site "https://www.chess.com"]

[Event "Titled Tuesday Blitz April 18 Early 2023"]
[White "mrithyunjay"]
[Black "Kopczynski, Michal"]
[BlackFideId "1124200"]
[WhiteElo "2162"]
[BlackElo "2212"]
[Result "1-0"]
[Round "02"]
[TimeControl "180+2"]
[Date "2023.04.18"]
[WhiteClock "0:00:43"]
[BlackClock "0:00:13"]

1. e4 c5 2. Nf3 d6 3. d4 cxd4 4. Nxd4 Nf6 5. Nc3 g6 6. Be3 Bg7 7. f3 O-O 8. Qd2 Nc6 9. g4 h5 10. h3 Bd7 11. O-O-O Qa5 12. Kb1 Rfc8 13. g5 Nh7 14. Nd5 Qxd2 15. Rxd2 Kf8 16. c3 Ne5 17. f4 Nc4 18. Bxc4 Rxc4 19. b3 Rcc8 20. c4 e5 21. Ne2 Bc6 22. Rhd1 Rd8 23. Ndc3 Ke7 24. f5 gxf5 25. exf5 f6 26. g6 Ng5 27. Ng3 Nf3 28. Rf2 Rh8 29. b4 a6 30. b5 axb5 31. cxb5 Ra3 32. Kb2 Rxc3 33. Kxc3 Bxb5 34. Rxf3 h4 35. Ne4 Rc8+ 36. Kb2 d5 37. Rxd5 Bc6 38. Bc5+ Ke8 39. Nd6+ Kd7 40. Nxc8+ Bxd5 41. Nb6+ Kc6 42. Nxd5 Kxd5 43. Be7 Ke4 44. Rf1 b5 45. Kb3 Ke3 46. Bc5+ Ke2 47. Rg1 e4 48. Rg4 Kf3 49. Rxh4 e3 50. Bxe3 Kxe3 51. Rh7 Bf8 52. Rf7 Bh6 53. Rxf6 Kf4 54. Rf7 Ke5 55. h4 Kd6 56. f6 Ke6 57. h5 Ke5 58. Rh7 Be3 59. g7 Kxf6 60. g8=Q Ke5 61. Re7+ Kf4 62. Qf8+ Kg3 63. Rg7+ Kh4 64. Qf6+ Kh3 65. Qf3+ Kh2 66. Qg2# 1-0


[Site "https://www.chess.com"]

[Event "Titled Tuesday Blitz April 18 Early 2023"]
[White "hsd2016"]
[Black "Tworuszka, Michal"]
[BlackFideId "1117858"]
[WhiteElo "2158"]
[BlackElo "2448"]
[Result "1/2-1/2"]
[Round "02"]
[TimeControl "180+2"]
[Date "2023.04.18"]
[WhiteClock "0:00:06"]
[BlackClock "0:00:08"]

1. e4 c5 2. Nf3 d6 3. d4 cxd4 4. Nxd4 Nf6 5. Nc3 a6 6. h3 e5 7. Nf3 Be6 8. Be3 Nbd7 9. Bd3 h6 10. Qe2 b5 11. a3 Qc7 12. Rd1 Be7 13. O-O Nb6 14. Bxb6 Qxb6 15. Nd5 Bxd5 16. exd5 O-O 17. Nd2 Nxd5 18. Be4 Nf4 19. Qf3 Rad8 20. c4 bxc4 21. Nxc4 Qc5 22. Ne3 g6 23. Nd5 Nxd5 24. Rxd5 Qb6 25. Qg4 Kg7 26. Qe2 Rb8 27. b4 f5 28. Bb1 Qc6 29. Rfd1 Rfc8 30. Bd3 e4 31. Bxa6 Rc7 32. b5 Qc3 33. Kh2 Rc5 34. Kh1 Rxd5 35. Rxd5 Qa1+ 36. Rd1 Qxa3 37. Qe3 Qxe3 38. fxe3 Kf6 39. Kg1 Rb6 40. Kf2 Ke5 41. Ke2 d5 42. Rc1 Bd6 43. Rc8 d4 44. Re8+ Kd5 45. exd4 Kxd4 46. Re6 Kc5 47. Rxg6 Be5 48. Rxb6 Kxb6 49. Ke3 Kc5 50. g4 fxg4 51. hxg4 Bf6 52. Kxe4 Bg5 53. Kf5 Kb6 54. Kg6 Kc5 55. Kf5 Kb6 56. Kg6 Kc5 57. Kf5 1/2-1/2


[Site "https://www.chess.com"]

[Event "Titled Tuesday Blitz April 18 Early 2023"]
[White "Khandelwal, Ankush"]
[Black "Kiseljova, Marya"]
[WhiteFideId "413470"]
[BlackFideId "4155009"]
[WhiteElo "2263"]
[BlackElo "1851"]
[Result "1-0"]
[Round "02"]
[TimeControl "180+2"]
[Date "2023.04.18"]
[WhiteClock "0:00:59"]
[BlackClock "0:00:03"]

1. e4 c5 2. Nf3 Nc6 3. Bb5 e5 4. O-O Bd6 5. c3 a6 6. Ba4 b5 7. Bc2 Nge7 8. a4 b4 9. Re1 O-O 10. d4 exd4 11. cxd4 Nxd4 12. Nxd4 cxd4 13. e5 Bc5 14. Nd2 Nc6 15. Bxh7+ Kxh7 16. Qc2+ Kg8 17. Qxc5 Re8 18. Nf3 Bb7 19. Bg5 Qb8 20. Rad1 a5 21. Bf4 Re6 22. Ng5 Rg6 23. Qd5 Nd8 24. Qxd7 Ne6 25. Qxf7+ Kh8 26. Qxg6 Nxg5 27. Bxg5 Qf8 28. Rd3 Ra6 29. Rh3+ Kg8 30. e6 d3 31. Qh7# 1-0


[Site "https://www.chess.com"]

[Event "Titled Tuesday Blitz April 18 Early 2023"]
[White "Vargas Rodriguez, Wilver"]
[Black "Gonzalez, Francisco Silva"]
[WhiteFideId "3509672"]
[BlackFideId "1512285"]
[WhiteElo "2224"]
[BlackElo "2074"]
[Result "0-1"]
[Round "02"]
[TimeControl "180+2"]
[Date "2023.04.18"]
[WhiteClock "0:00:11"]
[BlackClock "0:01:45"]

1. e4 e5 2. Nf3 Nc6 3. d4 exd4 4. Nxd4 Bc5 5. Be3 Qf6 6. c3 Nge7 7. Bc4 O-O 8. O-O Bb6 9. Na3 Rd8 10. Nac2 d5 11. Nxc6 bxc6 12. Bb3 Ba6 13. Re1 dxe4 14. Qg4 Bd3 15. Nd4 Nd5 16. Bg5 Qg6 17. Nf5 Re8 18. Qg3 Qxf5 19. Bh6 Qg6 20. Bg5 a5 21. a4 h6 22. Be3 Qxg3 23. hxg3 Nxe3 24. fxe3 Rab8 0-1


[Site "https://www.chess.com"]

[Event "Titled Tuesday Blitz April 18 Early 2023"]
[White "Stepanencu, Nicodim-Cosmin"]
[Black "Wimalasuriya, Kasun M."]
[WhiteFideId "1256220"]
[BlackFideId "9906789"]
[WhiteElo "2185"]
[BlackElo "2150"]
[Result "1-0"]
[Round "02"]
[TimeControl "180+2"]
[Date "2023.04.18"]
[WhiteClock "0:02:28"]
[BlackClock "0:02:02"]

1. d4 Nf6 2. Nf3 g6 3. c4 Bg7 4. Nc3 d5 5. e3 O-O 6. Bd2 b6 7. cxd5 Nxd5 8. Bc4 Bb7 9. O-O c5 10. dxc5 bxc5 11. Rc1 Nb6 12. Be2 Nc6 13. Na4 Nxa4 14. Qxa4 Bxb2 15. Rb1 Nb4 16. Rxb2 1-0


[Site "https://www.chess.com"]

[Event "Titled Tuesday Blitz April 18 Early 2023"]
[White "Melikhov, Evgeny V."]
[Black "Stead, Kerry"]
[WhiteFideId "4122046"]
[BlackFideId "3202577"]
[WhiteElo "2158"]
[BlackElo "1997"]
[Result "1-0"]
[Round "02"]
[TimeControl "180+2"]
[Date "2023.04.18"]
[WhiteClock "0:00:56"]
[BlackClock "0:01:15"]

1. d4 c5 2. d5 f5 3. e4 fxe4 4. Nc3 Nf6 5. Bg5 d6 6. Bxf6 exf6 7. Nxe4 Qb6 8. Ne2 Bf5 9. N2c3 Nd7 10. Bb5 O-O-O 11. Bxd7+ Rxd7 12. O-O Qxb2 13. Rb1 Qa3 14. Rb3 Qa5 15. Qf3 Bg6 16. Rfb1 b6 17. Nb5 Be7 18. Ra3 Bxe4 19. Qxe4 Qd2 20. Nxa7+ Kb7 21. Nc6 Bd8 22. Ra7+ Kc8 23. Qe6 1-0


[Site "https://www.chess.com"]

[Event "Titled Tuesday Blitz April 18 Early 2023"]
[White "Vanek, Tomas"]
[Black "Federzoni, Enzo"]
[WhiteFideId "313459"]
[BlackFideId "2173301"]
[WhiteElo "2052"]
[BlackElo "2039"]
[Result "1/2-1/2"]
[Round "02"]
[TimeControl "180+2"]
[Date "2023.04.18"]
[WhiteClock "0:00:15"]
[BlackClock "0:00:55"]

1. a3 d5 2. f4 c5 3. Nf3 Nc6 4. g3 g6 5. Bg2 Bg7 6. O-O Nf6 7. d3 O-O 8. c3 d4 9. Nbd2 Nd5 10. Ne4 dxc3 11. bxc3 Nxc3 12. Nxc3 Bxc3 13. Rb1 Bg7 14. Bb2 Nd4 15. Bxd4 cxd4 16. Ne5 Qd6 17. Bxb7 Bxb7 18. Rxb7 Bxe5 19. fxe5 Qxe5 20. Rf2 Rfb8 21. Qb3 Rf8 22. Rb5 Qd6 23. Rd5 Qb6 24. Qc4 Rac8 25. Qxd4 Qb1+ 26. Kg2 Qb7 27. e4 Qb3 28. Rd7 Qxa3 29. Rxa7 Qd6 30. Qxd6 exd6 31. Kf3 Rc3 32. Ke3 Rc6 33. Kd4 h5 34. Kd5 Rb6 35. Rf6 Rb3 36. Kd4 Rb2 37. h4 Rg2 38. Rf3 Kg7 39. Kd5 Rb2 40. Kxd6 Rb3 41. Kd5 Rb5+ 42. Kc4 Rb6 43. d4 Rc8+ 44. Kd5 Rb5+ 45. Kd6 Rb6+ 46. Kd7 Rc4 47. Ke8 Rc8+ 48. Kd7 Rc4 49. Ke8 Rb8+ 50. Ke7 Rxd4 51. Rxf7+ Kh6 52. Kf6 Rh8 53. e5 Rd1 54. Rg7 Rf1+ 55. Ke6 Re8+ 56. Rge7 Rxe7+ 57. Rxe7 g5 58. hxg5+ Kxg5 59. Rg7+ Kh6 60. Rg8 Ra1 61. Kf5 Rf1+ 62. Ke6 Ra1 63. Kf5 Rf1+ 64. Ke6 1/2-1/2


[Site "https://www.chess.com"]

[Event "Titled Tuesday Blitz April 18 Early 2023"]
[White "Bas Mas, Jose Joaquin"]
[Black "Barria Santos, Jose Guilherme"]
[WhiteFideId "22219064"]
[BlackFideId "1939300"]
[WhiteElo "2233"]
[BlackElo "2266"]
[Result "1-0"]
[Round "02"]
[TimeControl "180+2"]
[Date "2023.04.18"]
[WhiteClock "0:01:07"]
[BlackClock "0:00:23"]

1. e4 c5 2. Nc3 d6 3. f4 g6 4. Nf3 Bg7 5. Bb5+ Bd7 6. Bc4 e6 7. O-O Ne7 8. d3 O-O 9. f5 exf5 10. Qe1 Nbc6 11. Qh4 Qe8 12. Bg5 Nc8 13. Nd5 Nd4 14. Nc7 Nxf3+ 15. Rxf3 Qe5 16. Nxa8 Qxb2 17. Raf1 b5 18. Bd5 Qd4+ 19. Kh1 Be6 20. Nc7 Bxd5 21. Nxd5 fxe4 22. dxe4 f5 23. Ne7+ Nxe7 24. Bxe7 Rf7 25. exf5 Qe5 26. f6 Bh8 27. Re1 Qd5 28. Qe4 Qd2 29. Qa8+ Rf8 30. Qxf8# 1-0


[Site "https://www.chess.com"]

[Event "Titled Tuesday Blitz April 18 Early 2023"]
[White "Chirivi C, Jenny Astrid"]
[Black "Orujov2008"]
[WhiteFideId "4403061"]
[WhiteElo "2001"]
[BlackElo "2437"]
[Result "1-0"]
[Round "02"]
[TimeControl "180+2"]
[Date "2023.04.18"]
[WhiteClock "0:00:15"]
[BlackClock "0:00:01"]

1. d4 Nf6 2. c4 e6 3. Nc3 Bb4 4. Qc2 b6 5. a3 Bxc3+ 6. Qxc3 c5 7. Nf3 cxd4 8. Nxd4 Bb7 9. e3 d5 10. cxd5 Nxd5 11. Bb5+ Nd7 12. Qc2 O-O 13. O-O Rc8 14. Qe2 Nc5 15. Bd2 a6 16. Bc4 b5 17. Ba2 Nf6 18. Rac1 Nfe4 19. Bb4 Qb6 20. Rfd1 a5 21. Be1 b4 22. axb4 axb4 23. f3 Nf6 24. Kh1 Rfd8 25. e4 e5 26. Nf5 b3 27. Ne7+ Kf8 28. Nxc8 Rxc8 29. Bb1 Ne6 30. Bf2 Qa5 31. Rxc8+ Bxc8 32. Qc4 Ba6 33. Qxb3 g6 34. h3 Kg7 35. Bd3 Bc8 36. Bc4 Qc7 37. Qc3 Nf4 38. Ba2 Qb7 39. Bc4 h5 40. b3 Qc7 41. Qa1 Bd7 42. Bg3 Qc8 43. Qxe5 Ne6 44. Bxe6 Bxe6 45. Bh4 Bxh3 46. Qxf6+ Kh7 47. Qxf7+ Kh6 48. Qf4+ Kh7 49. Qg3 Be6 50. b4 Bf7 51. Bf6 Qc2 52. Rg1 Qb3 53. Be7 Qe6 54. Qg5 1-0


[Site "https://www.chess.com"]

[Event "Titled Tuesday Blitz April 18 Early 2023"]
[White "Rios Escobar, Adan"]
[Black "Tarnowska, Aleksandra"]
[WhiteFideId "3403645"]
[BlackFideId "1180967"]
[WhiteElo "2435"]
[BlackElo "1776"]
[Result "1-0"]
[Round "02"]
[TimeControl "180+2"]
[Date "2023.04.18"]
[WhiteClock "0:00:06"]
[BlackClock "0:00:02"]

1. d4 d5 2. g3 Nf6 3. Nf3 Bf5 4. c4 c6 5. Nc3 e6 6. Nh4 Bg6 7. Qb3 Qc8 8. Nxg6 hxg6 9. Bf4 Nbd7 10. Bg2 Be7 11. O-O Nh5 12. Be3 g5 13. Rac1 dxc4 14. Qxc4 Nb6 15. Qb3 Qd7 16. Rfd1 Nd5 17. Nxd5 exd5 18. a4 a5 19. Bd2 Bd8 20. e4 dxe4 21. Bxe4 O-O 22. Bg6 Nf6 23. Bxg5 Qg4 24. h4 Nd5 25. Bxd8 Raxd8 26. Bd3 Nb4 27. Bf1 Rxd4 28. Rxd4 Qxd4 29. Rd1 Qe5 30. Bg2 Re8 31. Rd7 Qf6 32. Qd1 b6 33. Rb7 Nd5 34. Bxd5 cxd5 35. Qxd5 Re1+ 36. Kg2 Re2 37. Rb8+ Kh7 38. Qd3+ g6 39. Qxe2 Qc6+ 40. Qf3 Qe6 41. Rb7 Kg7 42. Qc3+ Kh6 43. Rb8 Qe4+ 44. Qf3 Qe6 45. Qf4+ Kg7 46. Qd4+ f6 47. Rb7+ Kh6 48. Qe3+ g5 49. Qxe6 1-0


[Site "https://www.chess.com"]

[Event "Titled Tuesday Blitz April 18 Early 2023"]
[White "Topalov, Aleksandar"]
[Black "Osuna Vega, Enrique"]
[WhiteFideId "925659"]
[BlackFideId "2219549"]
[WhiteElo "2151"]
[BlackElo "2121"]
[Result "1-0"]
[Round "02"]
[TimeControl "180+2"]
[Date "2023.04.18"]
[WhiteClock "0:02:05"]
[BlackClock "0:01:10"]

1. b3 e5 2. Bb2 Nc6 3. c4 g6 4. Nc3 Bg7 5. g3 Nge7 6. Bg2 O-O 7. a3 d6 8. e3 f5 9. Nge2 Be6 10. Nd5 Rc8 11. O-O Qe8 12. f4 Qf7 13. Nxe7+ Qxe7 14. Qc2 e4 15. Bxg7 Qxg7 16. d3 exd3 17. Qxd3 Rfe8 18. Nc3 Bf7 19. Rfe1 Qf6 20. e4 fxe4 21. Nxe4 Qd4+ 22. Qxd4 Nxd4 23. Nf6+ Kf8 24. Nxe8 Nc2 25. Nf6 Nxa1 26. Rxa1 Kg7 27. Ne4 d5 28. cxd5 Bxd5 29. b4 b6 30. Rd1 1-0


[Site "https://www.chess.com"]

[Event "Titled Tuesday Blitz April 18 Early 2023"]
[White "Fabris, Alberto"]
[Black "Manukian, Artak"]
[WhiteFideId "801348"]
[BlackFideId "13301373"]
[WhiteElo "2120"]
[BlackElo "2130"]
[Result "0-1"]
[Round "02"]
[TimeControl "180+2"]
[Date "2023.04.18"]
[WhiteClock "0:00:03"]
[BlackClock "0:00:09"]

1. e4 c6 2. d4 d5 3. e5 Bf5 4. Ne2 e6 5. Ng3 Bg6 6. h4 h5 7. Be2 c5 8. c3 Nc6 9. Be3 Qb6 10. b3 cxd4 11. cxd4 Bb4+ 12. Kf1 O-O-O 13. a3 Be7 14. b4 Kb8 15. Nc3 Rc8 16. Na4 Qd8 17. Nc5 Bxh4 18. Nxh5 Bg5 19. Ng3 Rxh1+ 20. Nxh1 Bxe3 21. fxe3 Qg5 22. Qd2 Nh6 23. b5 Ne7 24. b6 axb6 25. Nd7+ Kc7 26. Bb5 Nc6 27. Nxb6 Kxb6 28. Bxc6 Rxc6 29. Qb4+ Kc7 30. Qa5+ Kd7 31. Qb5 Qxe3 32. Qxb7+ Rc7 33. Qb5+ Kc8 34. Qe8+ Kb7 35. Qb5+ Ka7 36. Qa5+ Kb8 37. Qb5+ Rb7 38. Qe8+ Kc7 39. Qe7+ Kb6 40. Qc5+ Ka6 41. Qc6+ Ka7 42. Qc5+ Kb8 43. Qf8+ Kc7 44. Qd6+ Kc8 45. Qf8+ Kd7 46. Qd6+ Ke8 47. Qc6+ Rd7 48. Qc8+ Rd8 49. Rd1 0-1


[Site "https://www.chess.com"]

[Event "Titled Tuesday Blitz April 18 Early 2023"]
[White "Necula, Iulian"]
[Black "littlepillow2010"]
[WhiteFideId "1232380"]
[WhiteElo "1790"]
[BlackElo "2433"]
[Result "1/2-1/2"]
[Round "02"]
[TimeControl "180+2"]
[Date "2023.04.18"]
[WhiteClock "0:01:18"]
[BlackClock "0:00:06"]

1. d4 d5 2. Nc3 Nf6 3. Bf4 Bf5 4. e3 a6 5. Nf3 Nc6 6. a3 h6 7. h4 e6 8. Ne5 Nxe5 9. dxe5 Nd7 10. g4 Bh7 11. Bd3 Bxd3 12. Qxd3 c5 13. O-O-O Qc7 14. Nxd5 exd5 15. e6 Ne5 16. exf7+ Qxf7 17. Bxe5 O-O-O 18. Qf5+ Qxf5 19. gxf5 Rh7 20. Rhg1 Rd7 21. Rg6 Kd8 22. c4 dxc4 23. Rxd7+ Kxd7 24. f4 Be7 25. h5 Bf6 26. Kc2 Ke7 27. Kc3 b5 28. a4 Kf7 29. e4 Rh8 30. b3 cxb3 31. Kxb3 Rd8 32. axb5 axb5 33. Bxf6 gxf6 34. Rxh6 Rd3+ 35. Kc2 Re3 36. Rh7+ Kg8 37. e5 fxe5 38. fxe5 Rxe5 39. Rb7 Rxf5 40. Rxb5 Rxh5 41. Kc3 Kf7 42. Kc4 Ke6 43. Rxc5 Rh4+ 44. Kb5 Re4 45. Rc6+ Kf5 46. Rc5+ Re5 47. Rxe5+ Kxe5 1/2-1/2


[Site "https://www.chess.com"]